HSSL
FRESNO HS RED WINGS @ OLIVER AMES HS TIGERS
04/17/2028
 
TOP OF THE 1ST
Fresno HS Red Wings batting - Pitching for Oliver Ames HS Tigers : LHP Chase Walker
Pitching: LHP Chase Walker
Batting: RHB Adrián Velásquez 0-0: Foul Ball, location: 2F
0-1: Ball
1-1: Foul Ball, location: 2F
1-2: Ball
2-2: Strikes out swinging
Batting: RHB Harry Payne 0-0: Called Strike
0-1: Foul Ball, location: 2F
0-2: Ball
1-2: Strikes out swinging
Batting: RHB Thomas English 0-0: Ball
1-0: Swinging Strike
1-1: Ball
2-1: SINGLE (Flyball, 7LM)
Batting: SHB Xavier Stout 0-0: Ball
1-0: 2-RUN HOME RUN (Flyball, 78XD), Distance : 427 ft
Batting: RHB Bob Howard 0-0: Called Strike
0-1: Ball
1-1: Foul Ball, location: 2F
1-2: DOUBLE (Flyball, 89D)
Batting: RHB Roberto Santos 0-0: Called Strike
0-1: Foul Ball, location: 2F
0-2: Strikes out swinging
Top of the 1st over - 2 run(s), 3 hit(s), 0 error(s), 1 left on base; Fresno HS 2 - Oliver Ames HS 0
BOTTOM OF THE 1ST
Oliver Ames HS Tigers batting - Pitching for Fresno HS Red Wings : LHP Carl Barker
Pitching: LHP Carl Barker
Batting: LHB Brandon Napoleon 0-0: Foul Ball, location: 2F
0-1: Called Strike
0-2: Ball
1-2: Foul Ball, location: 2F
1-2: Ball
2-2: Foul Ball, location: 2F
2-2: Foul Ball, location: 2F
2-2: Ball
3-2: DOUBLE (Line Drive, 7LS)
Batting: RHB Kenny Miller 0-0: Ball
1-0: Ball
2-0: DOUBLE (Flyball, 9LM)
Brandon Napoleon scores
Batting: LHB Kevin Carter 0-0: Swinging Strike
0-1: Called Strike
0-2: Ball
1-2: Ball
2-2: Ball
3-2: Strikes out swinging
Batting: LHB William Moody 0-0: Ground out 4-3 (Groundball, 4S)
Kenny Miller to third
Batting: RHB Will Hinkle 0-0: Called Strike
0-1: Foul Ball, location: 2F
0-2: Hit by Pitch
Batting: RHB Marcos Llevanos 0-0: Ball
1-0: Ball
2-0: Ball
3-0: Base on Balls
Will Hinkle to second
Batting: RHB Will Hernández 0-0: Called Strike
0-1: Foul Ball, location: 2F
0-2: Ball
1-2: Ball
2-2: Ball
3-2: Foul Ball, location: 2F
3-2: Strikes out looking
Bottom of the 1st over - 1 run(s), 2 hit(s), 0 error(s), 3 left on base; Fresno HS 2 - Oliver Ames HS 1
TOP OF THE 2ND
Fresno HS Red Wings batting - Pitching for Oliver Ames HS Tigers : LHP Chase Walker
Batting: RHB Luis Mata 0-0: Called Strike
0-1: Ball
1-1: Ball
2-1: Foul Ball, location: 2F
2-2: Strikes out swinging
Batting: RHB Harvey Willis 0-0: Ball
1-0: Foul Ball, location: 2F
1-1: Ball
2-1: Called Strike
2-2: Strikes out looking
Batting: RHB Drew Rice 0-0: Ball
1-0: Ball
2-0: Called Strike
2-1: Ball
3-1: Base on Balls
Batting: RHB Adrián Velásquez 0-0: Called Strike
0-1: Ball
1-1: Ball
2-1: SINGLE (Groundball, 4MD)
Drew Rice to second
Batting: RHB Harry Payne 0-0: Called Strike
0-1: Fly out, F9 (Flyball, 89S)
Top of the 2nd over - 0 run(s), 1 hit(s), 0 error(s), 2 left on base; Fresno HS 2 - Oliver Ames HS 1
BOTTOM OF THE 2ND
Oliver Ames HS Tigers batting - Pitching for Fresno HS Red Wings : LHP Carl Barker
Batting: LHB Manny Martínez 0-0: Ball
1-0: Swinging Strike
1-1: Ball
2-1: Called Strike
2-2: Ball
3-2: Strikes out looking
Batting: RHB Tony Pope 0-0: Foul Ball, location: 2F
0-1: Ball
1-1: Foul Ball, location: 2F
1-2: Foul Ball, location: 2F
1-2: Strikes out swinging
Batting: LHB Brandon Napoleon 0-0: Called Strike
0-1: Foul Ball, location: 2F
0-2: Fly out, F5 (Popup, 56S)
Bottom of the 2nd over - 0 run(s), 0 hit(s), 0 error(s), 0 left on base; Fresno HS 2 - Oliver Ames HS 1
TOP OF THE 3RD
Fresno HS Red Wings batting - Pitching for Oliver Ames HS Tigers : LHP Chase Walker
Batting: RHB Thomas English 0-0: Swinging Strike
0-1: Ball
1-1: Called Strike
1-2: Fly out, F7 (Flyball, 7)
Batting: SHB Xavier Stout 0-0: Called Strike
0-1: Ball
1-1: SINGLE (Flyball, 9LS)
Batting: RHB Bob Howard 0-0: Ball
1-0: Ball
2-0: Foul Ball, location: 2F
2-1: Foul Ball, location: 2F
2-2: Ball
3-2: SINGLE (Line Drive, 4)
Xavier Stout to second
Batting: RHB Roberto Santos 0-0: Foul Ball, location: 2F
0-1: Ball
1-1: Foul Ball, location: 2F
1-2: Ball
2-2: Foul Ball, location: 2F
2-2: Ball
3-2: Grounds into double play, 6-4-3 (Groundball, 6)
Top of the 3rd over - 0 run(s), 2 hit(s), 0 error(s), 1 left on base; Fresno HS 2 - Oliver Ames HS 1
BOTTOM OF THE 3RD
Oliver Ames HS Tigers batting - Pitching for Fresno HS Red Wings : LHP Carl Barker
Batting: RHB Kenny Miller 0-0: Ball
1-0: Foul Ball, location: 2F
1-1: Called Strike
1-2: Strikes out swinging
Batting: LHB Kevin Carter 0-0: Ball
1-0: Foul Ball, location: 2F
1-1: Called Strike
1-2: Ball
2-2: Fly out, F9 (Flyball, 89S)
Batting: LHB William Moody 0-0: Called Strike
0-1: Ball
1-1: Ball
2-1: Foul Ball, location: 2F
2-2: Ground out U3 (Groundball, 34)
Bottom of the 3rd over - 0 run(s), 0 hit(s), 0 error(s), 0 left on base; Fresno HS 2 - Oliver Ames HS 1
TOP OF THE 4TH
Fresno HS Red Wings batting - Pitching for Oliver Ames HS Tigers : LHP Chase Walker
Batting: RHB Luis Mata 0-0: Ball
1-0: Called Strike
1-1: Ball
2-1: Ball
3-1: Base on Balls
Batting: RHB Harvey Willis Pickoff Throw to First - Error! E1
Luis Mata to second
0-0: Ball
1-0: SINGLE (Groundball, 15S) (infield hit)
Luis Mata to third
Batting: RHB Drew Rice 0-0: Fly out, F7 (Flyball, 7)
Runner from 3rd tags up, SCORES, no throw
Batting: RHB Adrián Velásquez 0-0: Ball
1-0: Foul Ball, location: 2F
1-1: Called Strike
Harvey Willis is caught stealing 2nd base
1-2: Strikes out looking
Top of the 4th over - 1 run(s), 1 hit(s), 1 error(s), 0 left on base; Fresno HS 3 - Oliver Ames HS 1
BOTTOM OF THE 4TH
Oliver Ames HS Tigers batting - Pitching for Fresno HS Red Wings : LHP Carl Barker
Batting: RHB Will Hinkle 0-0: Foul Ball, location: 2F
0-1: Called Strike
0-2: Ball
1-2: Strikes out swinging, 2-3 out at first.
Batting: RHB Marcos Llevanos 0-0: Ball
1-0: Swinging Strike
1-1: Foul Ball, location: 2F
1-2: Ball
2-2: Strikes out swinging
Batting: RHB Will Hernández 0-0: Foul Ball, location: 2F
0-1: Ball
1-1: Called Strike
1-2: Ball
2-2: SINGLE (Line Drive, 34D)
Batting: LHB Manny Martínez 0-0: Ball
1-0: Ball
2-0: Called Strike
2-1: Swinging Strike
2-2: Strikes out swinging
Bottom of the 4th over - 0 run(s), 1 hit(s), 0 error(s), 1 left on base; Fresno HS 3 - Oliver Ames HS 1
TOP OF THE 5TH
Fresno HS Red Wings batting - Pitching for Oliver Ames HS Tigers : LHP Chase Walker
Batting: RHB Harry Payne 0-0: Ball
1-0: Fly out, F7 (Flyball, 7)
Batting: RHB Thomas English 0-0: Ball
1-0: Ball
2-0: Called Strike
2-1: Ball
3-1: Base on Balls
Pitching: LHP Dustin Scott
Batting: SHB Xavier Stout 0-0: Ball
1-0: Ball
2-0: Ball
3-0: Base on Balls
Thomas English to second
Batting: RHB Bob Howard 0-0: Ball
1-0: Called Strike
1-1: Ball
2-1: Ball
3-1: Base on Balls
Thomas English to third
Xavier Stout to second
Batting: RHB Roberto Santos 0-0: SINGLE (Flyball, 9LS)
Thomas English scores
Xavier Stout to third
Bob Howard to second
Runner from 3rd tries for Home, SAFE, throw made home
Bob Howard to third
Roberto Santos to second
Batting: RHB Luis Mata 0-0: Foul Ball, location: 2F
0-1: SINGLE (Line Drive, 78S)
Bob Howard scores
Roberto Santos to third
Runner from 3rd tries for Home, SAFE, throw made home
Luis Mata to second
Pitching: LHP José Cabrera
Batting: RHB Harvey Willis 0-0: Ball
1-0: SINGLE (Groundball, 5D)
Luis Mata to third
Runner from 3rd tries for Home, SAFE, no throw
Batting: RHB Drew Rice 0-0: Ball
1-0: Ball
2-0: Called Strike
Balk!
Harvey Willis to second
2-1: Fly out, F9 (Flyball, 89S)
Batting: RHB Adrián Velásquez 0-0: Swinging Strike
0-1: Swinging Strike
0-2: Strikes out looking
Top of the 5th over - 5 run(s), 3 hit(s), 0 error(s), 1 left on base; Fresno HS 8 - Oliver Ames HS 1
BOTTOM OF THE 5TH
Oliver Ames HS Tigers batting - Pitching for Fresno HS Red Wings : LHP Carl Barker
Pitching: LHP Curt Nichols
Batting: RHB Tony Pope 0-0: Ground out 3-1 (Groundball, 3S)
Batting: LHB Brandon Napoleon 0-0: Ground out 4-3 (Groundball, 4D)
Batting: RHB Kenny Miller 0-0: Foul Ball, location: 2F
0-1: Ground out 5-3 (Groundball, 56)
Bottom of the 5th over - 0 run(s), 0 hit(s), 0 error(s), 0 left on base; Fresno HS 8 - Oliver Ames HS 1
TOP OF THE 6TH
Fresno HS Red Wings batting - Pitching for Oliver Ames HS Tigers : LHP José Cabrera
Batting: RHB Harry Payne 0-0: Swinging Strike
0-1: Swinging Strike
0-2: Ball
1-2: Foul Ball, location: 2F
1-2: Ball
2-2: Strikes out swinging
Batting: RHB Thomas English 0-0: Ball
1-0: Called Strike
1-1: Called Strike
1-2: Ball
2-2: Foul Ball, location: 2F
2-2: Strikes out looking
Batting: SHB Xavier Stout 0-0: Called Strike
0-1: Ball
1-1: Foul Ball, location: 2F
1-2: Ball
2-2: Foul Ball, location: 2F
2-2: Ball
3-2: Foul Ball, location: 2F
3-2: Fly out, F8 (Line Drive, 8LD)
Top of the 6th over - 0 run(s), 0 hit(s), 0 error(s), 0 left on base; Fresno HS 8 - Oliver Ames HS 1
BOTTOM OF THE 6TH
Oliver Ames HS Tigers batting - Pitching for Fresno HS Red Wings : LHP Curt Nichols
Batting: LHB Kevin Carter 0-0: Ball
1-0: Ball
2-0: Called Strike
2-1: Ball
3-1: Foul Ball, location: 2F
3-2: Base on Balls
Batting: LHB William Moody 0-0: Called Strike
0-1: Ball
1-1: Ball
2-1: Foul Ball, location: 2F
2-2: Ball
3-2: Base on Balls
Kevin Carter to second
Batting: RHB Will Hinkle 0-0: Called Strike
0-1: Foul Ball, location: 2F
0-2: Ball
1-2: Foul Ball, location: 2F
1-2: Ball
2-2: Ball
3-2: 3-RUN HOME RUN (Flyball, 7D), Distance : 399 ft
Pitching: RHP Ronald Simmons
Batting: RHB Marcos Llevanos 0-0: Called Strike
0-1: Called Strike
0-2: Ground out 5-3 (Groundball, 5L)
Batting: RHB Will Hernández 0-0: Called Strike
0-1: Ball
1-1: DOUBLE (Line Drive, 7LM)
Batting: LHB Manny Martínez 0-0: Called Strike
0-1: Ball
1-1: Ball
2-1: Swinging Strike
2-2: Strikes out swinging
Batting: RHB Tony Pope 0-0: Ball
1-0: Ball
2-0: Called Strike
2-1: Foul Ball, location: 2F
2-2: Foul Ball, location: 2F
2-2: Ball
3-2: Base on Balls
Batting: LHB Brandon Napoleon 0-0: Foul Ball, location: 2F
0-1: Foul Ball, location: 2F
0-2: Ball
1-2: Ball
2-2: Ball
3-2: SINGLE (Line Drive, 4D)
Will Hernández to third
Tony Pope to second
Will Hernández scores
Tony Pope to third
Batting: RHB Kenny Miller 0-0: Swinging Strike
0-1: Foul Ball, location: 2F
0-2: Fly out, F7 (Flyball, 7LM)
Bottom of the 6th over - 4 run(s), 3 hit(s), 0 error(s), 2 left on base; Fresno HS 8 - Oliver Ames HS 5
TOP OF THE 7TH
Fresno HS Red Wings batting - Pitching for Oliver Ames HS Tigers : LHP José Cabrera
Batting: RHB Bob Howard 0-0: Ground out 1-3 (Groundball, 13S)
Batting: RHB Roberto Santos 0-0: Ball
1-0: Fly out, F8 (Line Drive, 8LD)
Batting: RHB Luis Mata 0-0: Swinging Strike
0-1: Foul Ball, location: 2F
0-2: Ball
1-2: Single, Error in OF, E7, batter to second base
Batting: RHB Harvey Willis 0-0: Ball
1-0: Ball
2-0: Called Strike
2-1: Ground out 6-3 (Groundball, 6D)
Top of the 7th over - 0 run(s), 1 hit(s), 1 error(s), 1 left on base; Fresno HS 8 - Oliver Ames HS 5
BOTTOM OF THE 7TH
Oliver Ames HS Tigers batting - Pitching for Fresno HS Red Wings : RHP Ronald Simmons
Batting: LHB Kevin Carter 0-0: Called Strike
0-1: Ground out 3-1 (Groundball, 34S)
Batting: LHB William Moody 0-0: Ball
1-0: Called Strike
1-1: Ball
2-1: Called Strike
2-2: Foul Ball, location: 2F
2-2: Ball
3-2: Fly out, F7 (Flyball, 7LS)
Batting: RHB Will Hinkle 0-0: Ball
1-0: Swinging Strike
1-1: Ball
2-1: TRIPLE (Flyball, 89D)
Batting: RHB Marcos Llevanos 0-0: Ball
1-0: Ground out 4-3 (Groundball, 34)
Bottom of the 7th over - 0 run(s), 1 hit(s), 0 error(s), 1 left on base; Fresno HS 8 - Oliver Ames HS 5
TOP OF THE 8TH
Fresno HS Red Wings batting - Pitching for Oliver Ames HS Tigers : LHP José Cabrera
Batting: RHB Drew Rice 0-0: Ball
1-0: Foul Ball, location: 2F
1-1: Swinging Strike
1-2: SOLO HOME RUN (Flyball, 7LD), Distance : 358 ft
Batting: RHB Adrián Velásquez 0-0: Foul Ball, location: 2F
0-1: Foul Ball, location: 2F
0-2: Strikes out swinging, 2-3 out at first.
Batting: RHB Harry Payne 0-0: Foul Ball, location: 2F
0-1: Ground out 6-3 (Groundball, 6)
Batting: RHB Thomas English 0-0: SOLO HOME RUN (Flyball, 8LXD), Distance : 445 ft
Batting: SHB Xavier Stout 0-0: Swinging Strike
0-1: Swinging Strike
0-2: Fly out, F4 (Popup, 34)
Top of the 8th over - 2 run(s), 2 hit(s), 0 error(s), 0 left on base; Fresno HS 10 - Oliver Ames HS 5
BOTTOM OF THE 8TH
Oliver Ames HS Tigers batting - Pitching for Fresno HS Red Wings : RHP Ronald Simmons
Batting: RHB Will Hernández 0-0: Ball
1-0: Ground out 6-3 (Groundball, 6)
Batting: LHB Manny Martínez 0-0: SINGLE (Groundball, 34D)
Batting: RHB Tony Pope 0-0: Ball
1-0: Ball
2-0: Fly out, F2 (Popup, 23)
Pitching: LHP António Muñóz
Batting: LHB Brandon Napoleon 0-0: Ball
1-0: Ball
2-0: Foul Ball, location: 2F
2-1: Swinging Strike
2-2: Ball
3-2: Ground out 4-3 (Groundball, 4)
Bottom of the 8th over - 0 run(s), 1 hit(s), 0 error(s), 1 left on base; Fresno HS 10 - Oliver Ames HS 5
TOP OF THE 9TH
Fresno HS Red Wings batting - Pitching for Oliver Ames HS Tigers : LHP José Cabrera
Pitching: RHP Nelson Hernández
Batting: RHB Bob Howard 0-0: Called Strike
0-1: Swinging Strike
0-2: Strikes out swinging
Batting: RHB Roberto Santos 0-0: Called Strike
0-1: Swinging Strike
0-2: Strikes out looking
Batting: RHB Luis Mata 0-0: Ball
1-0: Called Strike
1-1: Ball
2-1: Ball
3-1: Base on Balls
Batting: RHB Harvey Willis 0-0: Ball
1-0: Ball
2-0: Foul Ball, location: 2F
2-1: Ball
Luis Mata steals 2nd base
3-1: Ground out 5-3 (Groundball, 56)
Top of the 9th over - 0 run(s), 0 hit(s), 0 error(s), 1 left on base; Fresno HS 10 - Oliver Ames HS 5
BOTTOM OF THE 9TH
Oliver Ames HS Tigers batting - Pitching for Fresno HS Red Wings : LHP António Muñóz
Pitching: LHP Bob Novak
Batting: RHB Kenny Miller 0-0: Called Strike
0-1: Called Strike
0-2: Ball
1-2: Ball
2-2: Ball
3-2: Strikes out swinging
Batting: LHB Kevin Carter 0-0: Called Strike
0-1: Ball
1-1: Ground out 6-3 (Groundball, 6)
Batting: LHB William Moody 0-0: Ball
1-0: Called Strike
1-1: DOUBLE (Flyball, 89M)
Batting: RHB Will Hinkle 0-0: Ball
1-0: Fly out, F7 (Flyball, 7LM)
Bottom of the 9th over - 0 run(s), 1 hit(s), 0 error(s), 1 left on base; Fresno HS 10 - Oliver Ames HS 5
Tuesday, August 8th, 2017 - OOTP Baseball 17.12 Build 75